 Dungeon Crawl Stone Soup version 0.18.1-8-gdd0e5ea (webtiles) character file.

94 santipi the Sneak (level 4, -2/21 HPs)
             Began as a Spriggan Enchanter on June 9, 2016.
             Was an Initiate of Sif Muna.
             Killed from afar by an orc (7 damage)
             ... with an exploding inner flame
             ... hexed by the player character
             ... on level 3 of the Dungeon.
             The game lasted 00:11:44 (2273 turns).

santipi the Sneak (Spriggan Enchanter)              Turns: 2273, Time: 00:11:44

Health: -2/21      AC:  8    Str:  5    XL:     4   Next: 38%
Magic:  2/10       EV: 19    Int: 16    God:    Sif Muna [......]
Gold:   115        SH:  0    Dex: 16    Spells: 3 memorised, 3 levels left

rFire  . . .     SeeInvis +     n - +2 dagger (protect)
rCold  . . .     Gourm    .     b - +1 robe
rNeg   . . .     Faith    +     (shield restricted)
rPois  .         Spirit   .     h - +0 hat
rElec  .         Dismiss  .     (no cloak)
rCorr  .         Reflect  .     (gloves unavailable)
SustAt .         Harm     .     (boots unavailable)
MR     .....                    k - amulet of faith
Stlth  ++++......               (no ring)
                                (no ring)

@: very quick, not resistant to hostile enchantments, stealthy
A: unfitting armour, see invisible, herbivore 3, speed 3, slow metabolism 2
a: Renounce Religion


You were on level 3 of the Dungeon.
You worshipped Sif Muna.
Sif Muna was noncommittal.
You were not hungry.

You visited 1 branch of the dungeon, and saw 3 of its levels.

You collected 115 gold pieces.

Inventory:

Hand Weapons
 a - a +1 dagger
 m - a +0 dagger of electrocution
 n - a +2 dagger of protection (weapon)
Armour
 b - a +1 robe (worn)
 h - a +0 hat (worn)
Jewellery
 k - an amulet of faith (around neck)
Scrolls
 i - 2 scrolls of identify
 j - 3 scrolls of noise
Books
 c - a book of Maledictions

   Spells                             Type                      Level
   a - Corona                         Hexes                        1
   b - Ensorcelled Hibernation        Hexes/Ice                    2
   c - Confuse                        Hexes                        3
   d - Tukima's Dance                 Hexes                        3
   e - Dazzling Spray                 Conjuration/Hexes            3
Comestibles
 d - 3 bread rations


   Skills:
 + Level 1.2 Short Blades
 + Level 4.0 Dodging
 + Level 6.0 Stealth
 + Level 3.4 Spellcasting
 + Level 4.3 Hexes
 + Level 0.2 Ice Magic


You had 3 spell levels left.
You knew the following spells:

 Your Spells              Type           Power        Failure   Level  Hunger
a - Corona                Hex            ###....      3%          1    None
b - Ensorcelled Hibernat  Hex/Ice        ##....       12%         2    ##.....
c - Tukima's Dance        Hex            ###.....     12%         3    ###....


Dungeon Overview and Level Annotations

Branches:
Dungeon (3/15)

Altars:
Sif Muna
Yredelemnul


Innate Abilities, Weirdness & Mutations

You are tiny and cannot use many weapons and most armour.
You have supernaturally acute eyesight.
You are a herbivore.
You cover ground extremely quickly.
You need consume almost no food.


Message History

* * * LOW HITPOINT WARNING * * *
The hobgoblin barely misses you.
Read which item? (? for menu, Esc to quit)
As you read the scroll labeled CECRYAPOUZ, it crumbles to dust.
The creatures around you are filled with an inner flame!
It was a scroll of immolation.
The orc closely misses you.
The hobgoblin hits you but does no damage.
The orc closely misses you.
Your mace barely misses the orc.
The orc hits your mace.
You hit the orc but do no damage.
The orc is moderately wounded.
The orc completely misses you. The orc closely misses you.
Your mace hits the orc!
The orc explodes!
The fiery explosion engulfs the hobgoblin.
The hobgoblin explodes!
The fiery explosion engulfs the orc.
The orc explodes!
The fiery explosion engulfs you!
You die...

.####.......##.....#
#.#
............########
#.#######
............#
#........
............#
#######..######
.........(..#
##........##
............#
#..........#
.....#####...#
#§§........# .....#
.....##§§§(§.....#
.....#
......#@o§§§.....#
.....#
.......##§§§.....#
##'### .......
#).......# ..
.................#
.......g.......###
...............#
...............#
...............#
...o.........#


You could see an orc (inner flame) and a friendly mace.

Vanquished Creatures
  3 adders
  2 oozes (D:1)
  2 dart slugs
  2 giant geckos
  An orc (D:3)
  A ball python (D:1)
  2 bats (D:1)
  6 goblins
  7 hobgoblins
  7 jackals
  6 kobolds
  A giant newt (D:2)
  8 rats
48 creatures vanquished.

Vanquished Creatures (collateral kills)
  An orc (D:3)
1 creature vanquished.

Vanquished Creatures (others)
  A dancing weapon (D:3)
1 creature vanquished.

Grand Total: 50 creatures vanquished

Notes
Turn   | Place    | Note
--------------------------------------------------------------
     0 | D:1      | santipi the Spriggan Enchanter began the quest for the Orb.
     0 | D:1      | Reached XP level 1. HP: 9/9 MP: 5/5
   158 | D:1      | Reached XP level 2. HP: 1/13 MP: 5/7
   477 | D:1      | Learned a level 2 spell: Ensorcelled Hibernation
   689 | D:1      | Reached skill level 5 in Stealth
   689 | D:1      | Reached XP level 3. HP: 12/16 MP: 5/8
  1411 | D:2      | Found a basalt altar of Yredelemnul.
  1605 | D:2      | Learned a level 3 spell: Tukima's Dance
  2043 | D:2      | Found a deep blue altar of Sif Muna.
  2046 | D:2      | Became a worshipper of Sif Muna the Loreminder
  2116 | D:3      | Reached XP level 4. HP: 21/21 MP: 4/9
  2252 | D:3      | Reached skill level 6 in Stealth
  2273 | D:3      | Killed from afar by an orc

Skill      XL: |  1  2  3  4 |
---------------+-------------+-----
Spellcasting   | 3 |  3.4
Hexes          | 4 |  4.3
Stealth        | 5 6 |  6.0
Dodging        | 4 |  4.0
Short Blades   | |  1.2
Ice Magic      | |  0.2

Action                   |  1- 3 |  4- 6 || total
-------------------------+-------+-------++-------
Melee: Dagger            |   117 |    57 ||   174
 Cast: Corona            |     5 |       ||     5
       Ensorcelled Hiber |     9 |       ||     9
       Tukima's Dance    |       |     4 ||     4
  Use: Scroll            |     5 |     1 ||     6
       Potion            |     2 |       ||     2
 Stab: Sleeping          |    20 |     1 ||    21
Armor: Robe              |    14 |    12 ||    26
Dodge: Dodged            |    82 |    96 ||   178
